 Dungeon Crawl Stone Soup version 0.29.0-7-g18a832c13a (webtiles) character file.

Game seed: 10627335439894006602

2139 Arcadio the Frost Mage (level 9, -2/68 HPs)
             Began as a Naga Ice Elementalist on Aug 31, 2022.
             Was an Initiate of Cheibriados.
             Slain by nmsoi's ghost (5 damage)
             ... on level 7 of the Dungeon.
             The game lasted 00:24:30 (12329 turns).

Arcadio the Frost Mage (Naga Ice Elementalist)     Turns: 12329, Time: 00:24:31

Health: -2/68      AC:  9    Str: 12    XL:     9   Next: 30%
Magic:  26/27      EV: 11    Int: 25    God:    Cheibriados [......]
Gold:   429        SH:  0    Dex: 12    Spells: 10/21 levels left

rFire   + . .      SeeInvis +   P - +8 falchion "Peplitzi" {vorpal, *Rage rElec rPois}
rCold   + . .      Faith    .   (no shield)
rNeg    . . .      Spirit   .   u - +3 leather armour "Sualos" {*Corrode rF+ Int+4}
rPois   +          Reflect  .   (no helmet)
rElec   +          Harm     .   r - +1 cloak
rCorr   .          Rampage  .   I - +0 pair of gloves
Will    +....      Rage     20% (no barding)
Stlth   ++........              (no amulet)
HPRegen 0.21/turn               g - ring of protection from cold
MPRegen 0.20/turn               G - ring of magical power

@: ice-armoured (expiring), corroded, on berserk cooldown, slowed, very slow
A: AC +3, large, see invisible, deformed body, poison resistance, slowness 2,
spit poison 1, naga tail 1
a: Spit Poison, Renounce Religion


You were on level 7 of the Dungeon.
You worshipped Cheibriados.
Cheibriados was noncommittal.
You visited 2 branches of the dungeon, and saw 8 of its levels.

You collected 429 gold pieces.

Inventory:

Hand Weapons
 c - a +0 dagger
 n - a +2 spear of venom
 q - a +3 quarterstaff of chaos
 s - a +2 short sword of speed
 w - a +2 vorpal scythe
 P - the +8 falchion "Peplitzi" (weapon) {vorpal, *Rage rElec rPois}
   (You found it on level 6 of the Dungeon)

   It inflicts extra damage upon your enemies.
   rElec:     It insulates you from electricity.
   rPois:     It protects you from poison.
   *Rage:     It berserks you when you make melee attacks (+20% chance).
 R - a +0 dagger of electrocution
 T - a +1 dagger of flaming
Missiles
 O - a throwing net
Armour
 a - a +0 robe
 f - a +0 leather armour
 l - the +1 ring mail of the Armadillo {Str+6}
   (You found it on level 6 of the Dungeon)

   Str:       It affects your strength (+6).
 o - the +0 helmet "Ijeppig" {Harm rC- rN+}
   (You took it off Robin on level 2 of the Dungeon)

   rC:        It makes you vulnerable to cold.
   rN:        It protects you from negative energy.
   Harm:      It increases damage dealt and taken.
 r - a +1 cloak (worn)
 u - the +3 leather armour "Sualos" (worn) {*Corrode rF+ Int+4}
   (You found it on level 3 of the Dungeon)

   Int:       It affects your intelligence (+4).
   rF:        It protects you from fire.
   *Corrode:  It may corrode you when you take damage.
 E - a +1 leather armour of fire resistance
 I - a +0 pair of gloves (worn)
Jewellery
 g - a ring of protection from cold (left hand)
 G - a ring of magical power (right hand)
Wands
 p - a wand of roots (14)
 t - a wand of quicksilver (13)
 y - a wand of digging (2)
 F - a wand of flame (3)
 N - a wand of polymorph (7)
Scrolls
 k - 4 scrolls of teleportation
 m - a scroll of butterflies {unknown}
 v - a scroll of noise {unknown}
 x - a scroll of poison {unknown}
 A - 2 scrolls of vulnerability {unknown}
 B - 2 scrolls of enchant weapon {unknown}
 C - a scroll of amnesia {unknown}
 H - a scroll of brand weapon {unknown}
 L - a scroll of fear {unknown}
 S - a scroll of blinking {unknown}
Potions
 b - 4 potions of magic
 d - 2 potions of brilliance
 e - 4 potions of curing
 h - 2 potions of resistance
 i - a potion of might
 j - a potion of lignification
 z - 4 potions of flight
 D - a potion of berserk rage
 J - a potion of attraction {unknown}
 K - a potion of heal wounds
 M - a potion of mutation {unknown}


   Skills:
 + Level 5.6 Dodging
 - Level 4.6 Stealth
 + Level 6.6 Spellcasting
 + Level 8.0 Ice Magic


You had 10 spell levels left.
You knew the following spells:

 Your Spells              Type           Power      Damage    Failure   Level
a - Freeze                Ice            100%       1d11      1%          1
b - Frozen Ramparts       Ice            96%        1d15      1%          3
c - Ozocubu's Armour      Ice            48%        N/A       1%          3
d - Hailstorm             Conj/Ice       28%        3d8       17%         4

Your spell library contained the following spells:

 Spells                   Type           Power      Damage    Failure   Level
 Necrotise                Necr           32%        1d5       9%          1
 Scorch                   Fire           16%        2d6       14%         2
 Gell's Gravitas          Tloc           8%         N/A       26%         3
 Lesser Beckoning         Tloc           8%         N/A       26%         3
 Teleport Other           Tloc           8%         N/A       26%         3
 Tukima's Dance           Hex            8%         N/A       26%         3
 Vampiric Draining        Necr           8%         2d6       26%         3
 Flame Wave               Conj/Fire      8%         2d5       65%         4
 Passage of Golubria      Tloc           8%         N/A       65%         4
 Agony                    Necr           8%         N/A       94%         5
 Yara's Violent Unravell  Hex/Tmut       4%         3d4       94%         5
 Summon Cactus Giant      Summ           4%         N/A       100%        6


Dungeon Overview and Level Annotations

Branches:
Dungeon (7/15) Zot: 37863  Temple (1/1) D:7 Zot: 8622

Altars:
Cheibriados
Dithmenos
Fedhas
Gozag
Hepliaklqana
Makhleb
Nemelex Xobeh
Okawaru
Ru
Sif Muna
Trog
Uskayaw
Vehumet
Wu Jian
Xom
Yredelemnul
Zin
The Shining One

Shops:
D:1 [   D:6 [

Annotations:
D:7 nmsoi's ghost, novice MiGl


Innate Abilities, Weirdness & Mutations

Your serpentine skin is tough. (AC +3)
You have supernaturally acute eyesight. (SInv)
Armour fits poorly on your strangely shaped body.
Your system is resistant to poisons. (rPois)
You cover ground very slowly.
You can spit poison.
You have a snake-like lower body.


Message History

Nmsoi's ghost is almost destroyed.
Nmsoi's ghost boasts, "I have defeated monsters you have never seen."
Nmsoi's ghost hits you but does no damage.
Nmsoi's ghost closely misses you.
You hit nmsoi's ghost but do no damage.
Nmsoi's ghost is almost destroyed.
Nmsoi's ghost barely misses you. Nmsoi's ghost hits you!
You barely miss nmsoi's ghost.
Nmsoi's ghost is almost destroyed.
Nmsoi's ghost hits you.
* * * LOW HITPOINT WARNING * * *
x2 Nmsoi's ghost hits you.
* * * LOW HITPOINT WARNING * * *
Your corrosive artefact corrodes you!
* * * LOW HITPOINT WARNING * * *
You hit nmsoi's ghost but do no damage.
Nmsoi's ghost is almost destroyed.
Nmsoi's ghost hits you but does no damage.
Nmsoi's ghost hits you.
* * * LOW HITPOINT WARNING * * *
x2 Unknown command.
You hit nmsoi's ghost but do no damage.
Nmsoi's ghost is almost destroyed.
Nmsoi's ghost hits you.
* * * LOW HITPOINT WARNING * * *
Your corrosive artefact corrodes you!
* * * LOW HITPOINT WARNING * * *
Nmsoi's ghost wails, "You must not succeed where I failed!"
Nmsoi's ghost hits you.
* * * LOW HITPOINT WARNING * * *
x2
Casting: Frozen Ramparts (safe; 1% risk of failure)
Confirm with . or Enter, or press ? or * to list all spells.
Aiming: Freeze (safe; 1% risk of failure)
Press: ? - help, Shift-Dir - straight line, f - nmsoi's ghost
Aim: nmsoi's ghost, wielding a vorpal weapon (almost destroyed)
You freeze nmsoi's ghost!
Nmsoi's ghost is almost destroyed.
Your icy armour starts to melt.
Nmsoi's ghost misses you. Nmsoi's ghost hits you.
You die...

#.#.# #...........# #.#
####...# ##.####.########.#
#.##.### #.# #.# #....#
.#.#.# #.# #.# #.####
###..# #### #.# #.# # ##.#
#♣8♣##.### #.# ###.#####
#.!$##...# #.# .#..#...##
###W#####.# #.# ......#..#
#...@# ##.###.#
.....###.####....###...##.#
.#....#...................#
###.#...#####.######...####
###.#########.# ##.##
..............#######.#
###..#########........#
..........>....########
################


You could see nmsoi's ghost.

Vanquished Creatures
  Grinder (D:3)
  Sigmund (D:3)
  Eustachio (D:4)
  Duvessa (D:7)
  2 centaurs
  3 phantoms
  Blork the orc (D:4)
  A kobold brigand (D:6)
  3 bullfrogs
  A scorpion (D:5)
  A wight (D:6)
  Dowan (D:7)
  4 hounds
  4 orc priests
  Crazy Yiuf (D:2)
  2 jellies (D:6)
  Ijyb (D:3)
  Natasha (thrice) (D:3)
  Terence (D:2)
  2 iguanas
  2 orc wizards (D:6)
  Robin (D:2)
  5 adders
  2 shadow imps
  A white imp (D:7)
  3 dart slugs
  12 orcs
  4 ball pythons
  10 endoplasms
  2 giant cockroaches (D:2)
  6 hobgoblins
  5 kobolds
  5 quokkas
  4 bats
  3 frilled lizards
  11 goblins
  7 rats
118 creatures vanquished.

Vanquished Creatures (others)
  A demonic plant (D:3)
  A fungus (D:2)
  22 plants (D:7)
24 creatures vanquished.

Grand Total: 142 creatures vanquished

Notes
Turn   | Place    | Note
-------+----------+-------------------------------------------
     0 | D:1      | Arcadio the Naga Ice Elementalist began the quest for the
                  | Orb.
     0 | D:1      | Reached XP level 1. HP: 15/15 MP: 3/3
   362 | D:1      | Reached XP level 2. HP: 4/22 MP: 3/5
   925 | D:1      | Found Suaduj's Antique Armour Boutique.
  1206 | D:1      | Found a faded altar of an unknown god.
  1771 | D:2      | Reached XP level 3. HP: 16/28 MP: 4/6
  2130 | D:2      | Identified the +0 helmet "Ijeppig" {Harm rC- rN+}
  2130 | D:2      | Noticed Robin
  2363 | D:2      | Learned a level 3 spell: Frozen Ramparts
  2367 | D:2      | Learned a level 3 spell: Ozocubu's Armour
  2386 | D:2      | Killed Robin
  2387 | D:2      | Reached XP level 4. HP: 29/36 MP: 5/8
  3327 | D:2      | Noticed Terence
  3338 | D:2      | Killed Terence
  3715 | D:2      | Found a runed translucent door.
  3716 | D:2      | Noticed Crazy Yiuf
  3725 | D:2      | Killed Crazy Yiuf
  3726 | D:2      | Reached XP level 5. HP: 18/42 MP: 0/9
  3973 | D:3      | Noticed Grinder
  3973 | D:3      | Noticed Natasha
  3978 | D:3      | Killed Natasha
  4643 | D:3      | Noticed Natasha
  4651 | D:3      | Killed Natasha
  4652 | D:3      | Reached skill level 5 in Ice Magic
  4682 | D:3      | Noticed Ijyb
  4690 | D:3      | Killed Ijyb
  4870 | D:3      | Identified the +3 leather armour "Sualos" {*Corrode rF+
                  | Int+4}
  4915 | D:3      | Learned a level 4 spell: Hailstorm
  4958 | D:3      | Reached XP level 6. HP: 47/49 MP: 7/11
  5011 | D:3      | Noticed Sigmund
  5027 | D:3      | Killed Sigmund
  5608 | D:3      | Noticed Natasha
  5619 | D:3      | Killed Natasha
  5620 | D:3      | Paralysed by Grinder for 4 turns
  5627 | D:3      | Paralysed by Grinder for 4 turns
  5636 | D:3      | Killed Grinder
  5637 | D:3      | Reached skill level 6 in Ice Magic
  5637 | D:3      | Reached XP level 7. HP: 27/55 MP: 4/13
  6356 | D:4      | Noticed Eustachio
  6529 | D:4      | Killed Eustachio
  7236 | D:4      | Reached skill level 5 in Spellcasting
  7236 | D:4      | Reached XP level 8. HP: 55/62 MP: 11/15
  7277 | D:4      | Noticed Blork the orc
  7298 | D:4      | Killed Blork the orc
  7790 | D:4      | Found a shimmering blue altar of Sif Muna.
  7791 | D:4      | Found an iron altar of Okawaru.
  7795 | D:4      | Found a hazy altar of Hepliaklqana.
  7801 | D:4      | Found a glowing golden altar of the Shining One.
  7802 | D:4      | Found a shimmering altar of Xom.
  8055 | D:5      | Entered Level 5 of the Dungeon
  8588 | D:5      | Reached skill level 7 in Ice Magic
  8919 | D:6      | Identified the +1 ring mail of the Armadillo {Str+6}
  9509 | D:6      | Identified the +8 falchion "Peplitzi" {vorpal, *Rage rElec
                  | rPois}
  9640 | D:6      | Reached skill level 5 in Dodging
  9786 | D:6      | Reached XP level 9. HP: 68/68 MP: 18/18
 10153 | D:6      | Found Offesuc's Antique Armour Emporium.
 11338 | D:7      | Found a sparkling altar of Nemelex Xobeh.
 11338 | D:7      | Noticed Dowan
 11353 | D:7      | Noticed Duvessa
 11370 | D:7      | Killed Dowan
 11371 | D:7      | Reached skill level 8 in Ice Magic
 11371 | D:7      | Killed Duvessa
 11868 | D:7      | Found a staircase to the Ecumenical Temple.
 11873 | Temple   | Entered the Ecumenical Temple
 11901 | Temple   | Became a worshipper of Cheibriados the Contemplative
 12248 | D:7      | Found a runed translucent door.
 12249 | D:7      | Noticed nmsoi's ghost (novice MiGl)
 12328 | D:7      | HP: 3/68 [nmsoi's ghost (1)]
 12329 | D:7      | Slain by nmsoi's ghost

Illustrated notes

Levels and vault maps discovered:
D:1:      saegor_arrival_simple_b, layout_loops_corners, serial_shops,
          shop_statue, basic_ecumenical_altar
D:2:      layout_loops_corners, minmay_pentomino_s2, uniq_robin, uniq_terence,
          uniq_crazy_yiuf_cottage
D:3:      layout_loops_ring, dreamdust_princess_corridor, uniq_grinder,
          uniq_sigmund, uniq_natasha, uniq_ijyb
D:4:      layout_basic, minitemple, nicolae_elevator_lobby_asterisk,
          uniq_blork_the_orc, uniq_eustachio
D:5:      layout_rooms
D:6:      layout_basic, hangedman_decor_slide_cut, kennysheep_small_square
D:7:      layout_loops_ring, mainiacjoe_overflow_cross_hatched,
          minmay_temple_entry_statues_pillars, gammafunk_ghost_grave,
          uniq_duvessa
Temple:   minmay_temple_bridge_abc

Skill      XL: |  1  2  3  4  5  6  7  8  9 |
---------------+----------------------------+-----
Stealth        | 4 |  4.6
Spellcasting   | 3 4 5 6 |  6.6
Dodging        | 2 3 5 |  5.6
Ice Magic      | 5 6 7 8 |  8.0

Action                   |  1- 3 |  4- 6 |  7- 9 || total
-------------------------+-------+-------+-------++-------
Melee: Dagger            |    56 |    67 |       ||   123
       Punch             |     1 |     2 |     2 ||     5
       Short sword       |       |    37 |   143 ||   180
       Falchion          |       |       |    69 ||    69
 Cast: Freeze            |    15 |     6 |     6 ||    27
       Frozen Ramparts   |       |    13 |    20 ||    33
       Ozocubu's Armour  |       |     6 |     9 ||    15
 Abil: Spit Poison       |     2 |     5 |     9 ||    16
  Use: Scroll            |       |     1 |     8 ||     9
 Stab: Sleeping          |     5 |     4 |    12 ||    21
Armor: Robe              |     6 |    14 |       ||    20
       Leather armour    |       |    13 |    89 ||   102
Dodge: Dodged            |    22 |    44 |    96 ||   162
